 Dungeon Crawl Stone Soup version 0.30.0-29-ga12c61a403 (webtiles) character file.

Game seed: 11274928867497337325

1246 Bnni the Digger (level 8, 0/90 HPs)
             Began as a Formicid Earth Elementalist on June 20, 2023.
             Was a Follower of Cheibriados.
             Slain by an orc warrior
             ... wielding a +0 war axe
              (10 damage)
             ... on level 6 of the Dungeon.
             The game lasted 00:09:03 (4755 turns).

Bnni the Digger (Formicid Earth Elementalist)       Turns: 4755, Time: 00:09:04

Health: 0/90       AC: 31    Str: 15    XL:     8   Next: 79%
Magic:  11/14      EV:  2    Int: 19    God:    Cheibriados [*.....]
Gold:   169        SH:  0    Dex: 16    Spells: 9/15 levels left

rFire   . . .        j - +1 mace (protect)
rCold   . . .        (no shield)
rNeg    . . .        c - melded +0 ring mail
rPois   +            (helmet unavailable)
rElec   .            y - melded +0 cloak
rCorr   .            m - melded +0 pair of gloves
SInv    .            r - melded +0 pair of boots
Will    .....        v - amulet of magic regeneration
Stlth   ++           (no ring)
HPRegen 0.35/turn    (no ring)
MPRegen 0.54/turn

%: no passive effects
@: tree-form, under a protective aura, very slow
A: stationary, stasis, torment immunity, boosted hp, permanent stasis, dig
shafts and tunnels, (antennae 3), four strong arms
a: Renounce Religion, Bend Time


You were on level 6 of the Dungeon.
You worshipped Cheibriados.
Cheibriados was aware of your devotion.
You were a tree.
You visited 1 branch of the dungeon, and saw 6 of its levels.

You collected 227 gold pieces.
You spent 58 gold pieces at shops.

Inventory:

Hand Weapons
 j - a +1 mace of protection (weapon)
Armour
 c - a +0 ring mail (melded)
 e - a +0 chain mail
 m - a +0 pair of gloves (melded)
 r - a +0 pair of boots (melded)
 y - a +0 cloak (melded)
Jewellery
 o - a ring of fire
 v - an amulet of magic regeneration (around neck)
Scrolls
 a - 4 scrolls of fog
 f - 2 scrolls of enchant weapon
 i - a scroll of teleportation {unknown}
 n - a scroll of amnesia {unknown}
 p - 2 scrolls of fear {unknown}
 q - a scroll of magic mapping {unknown}
 z - 2 scrolls of poison {unknown}
 A - a scroll of vulnerability {unknown}
Potions
 b - 2 potions of magic
 d - 5 potions of curing
 g - 2 potions of brilliance
 h - a potion of might
 k - 2 potions of flight
 t - 3 potions of lignification
 u - a potion of heal wounds {unknown}
 w - 2 potions of attraction {unknown}
 x - 2 potions of mutation {unknown}
 B - 2 potions of haste {unknown}


   Skills:
 + Level 3.8 Fighting
 + Level 2.8 Armour
 - Level 1.7 Dodging
 - Level 2.4 Stealth
 + Level 4.4 Spellcasting
 - Level 3.0 Conjurations
 - Level 3.0 Transmutations
 * Level 7.5 Earth Magic
 * Level 3.5 Invocations


You had 9 spell levels left.
You knew the following spells:

 Your Spells              Type           Power      Damage    Failure   Level
a - Sandblast             Erth           66%        2d15      1%          1
b - Passwall              Tmut/Erth      20%        N/A       2%          2
c - Stone Arrow           Conj/Erth      48%        3d10      4%          3

Your spell library contained the following spells:

 Spells                   Type           Power      Damage    Failure   Level
 Sting                    Tmut/Pois      36%        1d4       7%          1
 Petrify                  Tmut/Erth      24%        N/A       16%         4
 Poisonous Vapours        Pois/Air       8%         N/A       21%         2
 Olgreb's Toxic Radiance  Pois           4%         N/A       78%         4


Dungeon Overview and Level Annotations

Branches:
Dungeon (6/15)
 Temple: D:4-7

Altars:
Cheibriados
Makhleb
Uskayaw

Shops:
D:3 *   D:6 =


Innate Abilities, Weirdness & Mutations

You are a tree.
Your roots penetrate the ground, keeping you stationary.
You cannot be teleported.
You are immune to unholy pain and torment.
Your maximum health is greatly increased.
Your equipment is partially melded.
You cannot be hasted, slowed, berserked, paralysed or teleported.
You can dig through walls and to a lower floor.
((You have a pair of large antennae on your head. (SInv)))
Your four strong arms can wield two-handed weapons with a shield.


Message History

Press: ? - help, Q - select action, (/) - cycle Shift-Dir - straight line, f/p - orc warrior
Aim: an orc warrior, wielding a +0 war axe and wearing a +0 chain mail (slow, 82% to hit)
The blast of sand hits the orc warrior.
The orc warrior is lightly wounded.
The orc warrior hits you with a +0 war axe.
* * * LOW HITPOINT WARNING * * *
You are confused.
You feel invigorated.
The orc warrior hits you with a +0 war axe.
* * * LOW HITPOINT WARNING * * *
Unknown command.
The orc warrior hits you with a +0 war axe.
* * * LOW HITPOINT WARNING * * *
The orc warrior hits you with a +0 war axe!
* * * LOW HITPOINT WARNING * * *
You cannot move. (Use ctrl+direction or * direction to attack while stationary and confused.)
You cannot move. (Use ctrl+direction or * direction to attack while stationary and confused.)
You attack the rock wall.
You feel less invigorated.
You feel less confused. The orc warrior barely misses you.
You closely miss the orc warrior.
The orc warrior is lightly wounded.
The orc warrior hits you with a +0 war axe!
* * * LOW HITPOINT WARNING * * *
Unknown command.
Okay, then.
You hit the orc warrior.
Your weapon exudes an aura of protection.
The orc warrior is moderately wounded.
The orc warrior is no longer moving slowly.
The orc warrior barely misses you.
Unknown command.
Casting: Sandblast (safe; 1% risk of failure)
Confirm with . or Enter, or press ? or * to list all spells.
Aiming: Stone Arrow (mildly dangerous; 4% risk of failure)
Press: ? - help, Shift-Dir - straight line, f - orc warrior
Aim: an orc warrior, wielding a +0 war axe and wearing a +0 chain mail (moderately wounded, 68% to hit)
The stone arrow misses the orc warrior.
The orc warrior hits you with a +0 war axe!
You die...

#.......#....#.......#...
#.......####+###.....####
...............#.....###.
.#######>......#.........
#..(..#.......#.........
#.....#.......'.........
#.....#.......#......###
#.....o.......#......#..
###(..#♣.............'..
##'#########.#######..
... #.......... ....)
#.......... .......
#.......... .......
#.......... .......
#.......... #+###..
########### #..


You could see an orc warrior.

Vanquished Creatures
  Edmund (D:5)
  A black bear (D:5)
  5 ogres
  A centaur (D:5)
  2 scorpions
  A howler monkey (D:5)
  3 hounds
  Crazy Yiuf (D:4)
  An orc priest (D:6)
  An iguana (D:5)
  A jelly (D:5)
  3 gnolls (D:5)
  7 adders
  A shadow imp (D:5)
  A white imp (D:5)
  An ufetubus (D:5)
  2 worms
  A dart slug (D:2)
  6 orcs
  5 ball pythons
  5 endoplasms
  2 giant cockroaches
  A goblin (D:1)
  6 hobgoblins
  7 jackals
  8 kobolds
  3 quokkas
  4 bats
  5 frilled lizards
  6 rats
92 creatures vanquished.

Notes
Turn   | Place    | Note
-------+----------+-------------------------------------------
     0 | D:1      | Bnni the Formicid Earth Elementalist began the quest for
                  | the Orb.
     0 | D:1      | Reached XP level 1. HP: 13/13 MP: 3/3
   184 | D:1      | Reached XP level 2. HP: 19/19 MP: 3/5
   375 | D:1      | Learned a level 2 spell: Passwall
   715 | D:1      | Reached skill level 1 in Conjurations
   715 | D:1      | Reached XP level 3. HP: 18/25 MP: 6/6
   807 | D:2      | Reached skill level 4 in Earth Magic
   896 | D:2      | Reached XP level 4. HP: 31/31 MP: 3/7
  1658 | D:3      | Reached skill level 1 in Fighting
  1740 | D:3      | Found Udaolaps's Assorted Antiques.
  1746 | D:3      | Bought a scroll labelled KUNGAI HOTZUAP for 29 gold pieces
  1746 | D:3      | Bought a scroll labelled DUURHUXYUB for 29 gold pieces
  2064 | D:3      | Learned a level 3 spell: Stone Arrow
  2261 | D:3      | Reached XP level 5. HP: 37/37 MP: 4/8
  2691 | D:4      | Noticed an ogre
  2694 | D:4      | Killed an ogre
  2695 | D:4      | Reached skill level 5 in Earth Magic
  2695 | D:4      | Reached XP level 6. HP: 31/44 MP: 6/10
  2881 | D:4      | Noticed an ogre
  2885 | D:4      | Killed an ogre
  2886 | D:4      | Reached XP level 7. HP: 50/50 MP: 9/11
  2996 | D:4      | Found a snail-covered altar of Cheibriados.
  3006 | D:4      | Became a worshipper of Cheibriados the Contemplative
  3091 | D:4      | Found a runed translucent door.
  3092 | D:4      | Noticed Crazy Yiuf
  3097 | D:4      | Killed Crazy Yiuf
  3098 | D:4      | Reached skill level 1 in Armour
  3098 | D:4      | Reached skill level 6 in Earth Magic
  3181 | D:4      | Found a burning altar of Makhleb.
  3313 | D:5      | Entered Level 5 of the Dungeon
  3375 | D:5      | Reached skill level 1 in Invocations
  3394 | D:5      | Reached XP level 8. HP: 34/58 MP: 10/13
  3590 | D:5      | Noticed Edmund
  3607 | D:5      | Killed Edmund
  3838 | D:5      | Reached skill level 7 in Earth Magic
  4165 | D:5      | Reached * piety under Cheibriados
  4375 | D:5      | Found a hide-covered altar of Uskayaw.
  4569 | D:6      | Found Zuiwegon's One-of-a-Kind Rings.
  4755 | D:6      | Slain by an orc warrior

Illustrated notes

Levels and vault maps discovered:
D:1:      dpeg_arrival_pits, layout_basic, serial_glass, glass_columns_a,
          glass_columns_c, item_on_display_a, feat_on_display, item_on_display_a
D:2:      layout_rooms, serial_corexii_hall, chequers_hall_statues_corner_a,
          corexii_hall_statues_t, minivault_25
D:3:      layout_loops_ring, serial_shops, nicolae_shop_trees, dk_vineyard_1
D:4:      layout_loops_ring, lightli_temple_of_fire,
          mainiacjoe_overflow_alcove_1, uniq_crazy_yiuf_cottage
D:5:      layout_rooms, nicolae_uskayaw_suspiria, grunt_tough_drop, uniq_edmund
D:6:      layout_gridville, mainiacjoe_overflow_catwalk, minmay_misc_feat_tower,
          nicolae_shop_unique_rings, uniq_grinder

Skill      XL: |  1  2  3  4  5  6  7  8 |
---------------+-------------------------+-----
Conjurations   | 1 2 3 |  3.0
Earth Magic    | 4 5 6 7 |  7.5
Transmutations | 2 3 |  3.0
Fighting       | 1 2 3 |  3.8
Spellcasting   | 3 4 |  4.4
Armour         | 1 2 |  2.8
Invocations    | 1 3 |  3.5
Dodging        | |  1.7
Stealth        | |  2.4

Action                     |  1- 3 |  4- 6 |  7- 9 || total
---------------------------+-------+-------+-------++-------
  Melee: Unarmed           |     6 |       |       ||     6
         Mace              |    11 |    39 |     7 ||    57
  Throw: Dart              |       |       |    10 ||    10
   Cast: Sandblast         |    31 |    62 |    69 ||   162
         Passwall          |     4 |       |     1 ||     5
         Stone Arrow       |       |       |     1 ||     1
 Invoke: Bend Time         |       |       |     1 ||     1
    Use: Scroll            |       |     7 |     4 ||    11
         Potion            |       |       |     3 ||     3
 Armour: Robe              |    14 |    16 |       ||    30
         Ring mail         |       |    22 |    34 ||    56
         Skin              |       |       |     1 ||     1
  Dodge: Dodged            |    24 |    51 |    48 ||   123
